Map: Nightshade LE

Players

meeK - Winner!

  • Race: Protoss Protoss
  • League: Diamond
  • Spawn Location: 5:00

DHDH

  • Race: Terran Terran
  • League: Diamond
  • Spawn Location: 11:00

VOD

Have the link to the VOD?

Description

Time

  • Played on: May 4, 2020, 7:53 p.m.
  • Length: 9:53
Show
View Real Time Build Order
Export as new Build Order

meeK Protoss - Winner!

Build Orders: Oracle Opening 

Get SALT Encoding   

  12  0:02  Probe  
  13  0:14  Probe (Chrono Boost)  
  14  0:18  Pylon  
  14  0:26  Probe (Chrono Boost)  
  15  0:35  Probe (Chrono Boost)  
  15  0:39  Forge  
  16  0:44  Probe  
  17  1:01  Gateway  
  17  1:02  Probe  
  18  1:04  Assimilator  
  18  1:06  Assimilator  
  18  1:14  Probe  
  18  1:16  Pylon  
  19  1:26  Probe  
  20  1:38  Probe  
  21  1:40  Assimilator  
  21  1:49  Cybernetics Core  
  21  2:00  Pylon  
  21  2:13  Nexus  
  21  2:17  Probe  
  22  2:27  Stargate  
  22  2:31  Probe  
  22  2:36  Adept (Chrono Boost)  
  23  2:39  Warp Gate (Chrono Boost)  
  25  2:45  Probe  
  26  3:02  Gateway  
  26  3:09  Pylon  
  26  3:10  Oracle (Chrono Boost)  
  29  3:18  Adept  
  31  3:24  Probe  
  31  3:35  Probe  
  31  3:37  Oracle (Chrono Boost)  
  34  3:49  Probe x2  
  36  4:01  Probe x2  
  38  4:05  Twilight Council  
  38  4:08  Shield Battery  
  38  4:13  Probe  
  39  4:17  Probe  
  39  4:18  Gateway  
  40  4:25  Probe  
  40  4:29  Probe  
  42  4:32  Void Ray (Chrono Boost)  
  46  4:39  Resonating Glaives (Chrono Boost)  
  46  4:41  Probe  
  47  4:50  Pylon  
  47  4:56  Adept x2  
  51  5:04  Gateway  
  51  5:07  Pylon  
  47  5:17  Adept x2  
  41  5:31  Adept  
  41  5:42  Adept  
  43  5:44  Gateway  
  43  5:49  Robotics Facility, Assimilator  
  43  5:51  Probe x2  
  43  5:53  Pylon, Adept  
  47  5:57  Adept  
  49  6:04  Pylon  
  49  6:07  Adept  
  47  6:13  Probe x2  
  47  6:18  Adept x2  
  53  6:25  Probe x2  
  53  6:27  Pylon  
  53  6:31  Adept  
  56  6:42  Adept x3  
  50  6:50  Adept  
  48  6:57  Immortal (Chrono Boost)  
  48  6:59  Adept  
  46  7:03  Adept  
  46  7:04  Adept  
  48  7:11  Adept  
  50  7:19  Adept  
  52  7:26  Sentry  
  52  7:27  Adept  
  56  7:31  Gateway  
  56  7:33  Warp Prism (Chrono Boost)  
  56  7:36  Adept  
  60  7:41  Adept  
  62  7:47  Adept  
  62  7:49  Adept  
  66  7:54  Observer (Chrono Boost)  
  67  8:00  Adept  
  67  8:02  Adept  
  71  8:13  Probe  
  71  8:14  Probe  
  73  8:24  Adept  
  73  8:25  Adept x4  
  83  8:27  Nexus  
  82  8:44  Pylon  
  82  8:45  Stalker x2  
  85  9:11  Stalker  
  85  9:12  Stalker x4  
  75  9:33  Adept  
  77  9:43  Pylon  
  77  9:44  Pylon  
  73  9:46  Pylon  
Show
View Real Time Build Order
Export as new Build Order

DHDH Terran 

Build Orders:  

Get SALT Encoding   

  12  0:00  SCV  
  13  0:13  SCV  
  14  0:17  Supply Depot  
  14  0:25  SCV  
  15  0:39  SCV  
  15  0:41  Barracks  
  16  0:50  Refinery  
  16  0:51  SCV  
  17  1:00  Supply Depot  
  16  1:05  SCV  
  17  1:26  Barracks  
  17  1:27  Marine  
  18  1:39  Orbital Command  
  18  1:47  Supply Depot  
  19  1:57  Reaper  
  19  2:04  SCV  
  20  2:10  Barracks  
  20  2:16  Barracks Tech Lab  
  20  2:19  SCV  
  21  2:31  SCV  
  22  2:37  Barracks Reactor, Marauder  
  24  2:48  SCV  
  24  2:49  Stimpack  
  25  2:52  Refinery  
  25  2:55  Supply Depot  
  25  3:00  SCV, Marine  
  25  3:02  Marauder  
  29  3:12  SCV  
  30  3:13  Marine x2  
  30  3:19  Barracks Tech Lab  
  32  3:24  SCV  
  33  3:28  Marauder  
  33  3:31  Marine x2  
  37  3:49  Marauder, Marine x2  
  37  3:50  Marauder  
  42  4:02  Engineering Bay  
  42  4:08  Marine x2  
  44  4:10  Marine  
  44  4:13  Combat Shield  
  45  4:25  SCV  
  45  4:26  Supply Depot  
  45  4:31  Marine x2  
  45  4:38  Missile Turret  
  47  4:47  Marine x2  
  49  4:57  Marine x2  
  51  5:05  Factory  
  51  5:14  Marine x2  
  51  5:18  Missile Turret  
  47  5:34  Marine  
  47  5:35  Marine  
  49  5:39  SCV  
  50  5:51  SCV  
  50  5:52  Starport  
  51  6:05  Command Center  
  51  6:11  Marine x2  
  50  6:13  Factory Reactor  
  52  6:23  Concussive Shells  
  52  6:26  Missile Turret  
  39  7:01  Marine x3  
  39  7:02  Marine  
  40  7:17  Orbital Command  
  40  7:18  Factory Tech Lab  
  40  7:19  SCV, Marine x2  
  40  7:20  Refinery, Marauder  
  45  7:26  Medivac x2  
  49  7:34  Supply Depot  
  49  7:41  Marauder  
  49  7:43  Terran Infantry Weapons Level 1  
  51  7:49  SCV  
  51  7:50  SCV  
  53  7:52  Siege Tank  
  53  7:54  Marine  
  57  8:01  SCV  
  57  8:02  SCV  
  57  8:04  Marine x2  
  61  8:15  SCV x2  
  61  8:16  Marine x2  
  61  8:18  Medivac x2  
  69  8:27  Supply Depot  
  69  8:28  Refinery, Marine x2  
  69  8:32  Siege Tank  
  74  8:35  Marine  
  60  9:00  Liberator x2  
  60  9:01  Marine  
  67  9:04  Marine  
Tags
 
Add a new tag
Caveats
  • Supply blocks, unpowered buildings, or Contaminate may cause inaccurate times.
  • Supply counts are checked every 10 seconds.